 Dungeon Crawl Stone Soup version 0.22.1-2-g9c5b331383 (webtiles) character file.

84 Ishchenko the Bolt Thrower (level 4, -2/34 HPs)
             Began as a Human Hunter on Jan 6, 2019.
             Slain by Grinder (3 damage)
             ... on level 3 of the Dungeon.
             The game lasted 00:05:13 (2070 turns).

Ishchenko the Bolt Thrower (Human Hunter)           Turns: 2070, Time: 00:05:14

Health: -2/34      AC:  5    Str: 13    XL:     4   Next: 72%
Magic:  0/4        EV: 11    Int: 11    God:
Gold:   127        SH:  0    Dex: 14    Spells: 3/3 levels left

rFire    . . .     SeeInvis .   a - +1 hand crossbow
rCold    . . .     Gourm    .   (no shield)
rNeg     . . .     Faith    .   i - +0 ring mail
rPois    .         Spirit   +   (no helmet)
rElec    .         Reflect  .   (no cloak)
rCorr    .         Harm     .   (no gloves)
MR       .....                  (no boots)
Stlth    ++........             l - amulet of guardian spirit
HPRegen  0.11/turn              q - ring of stealth
MPRegen  0.09/turn              (no ring)

@: no status effects
A: no striking features
a: no special abilities


You were on level 3 of the Dungeon.
You were not hungry.

You visited 1 branch of the dungeon, and saw 3 of its levels.

You collected 127 gold pieces.

Inventory:

Hand Weapons
 a - a +1 hand crossbow (weapon)
 b - a +0 short sword
Missiles
 d - 53 bolts (quivered)
Armour
 c - a +0 leather armour
 i - a +0 ring mail (worn)
Jewellery
 l - an amulet of guardian spirit (around neck)
 o - an uncursed amulet of magic regeneration
 q - a ring of stealth (left hand)
 w - an uncursed ring of resist corrosion {unknown}
Scrolls
 e - 2 scrolls of identify {unknown}
 g - a scroll of immolation {unknown}
 h - 2 scrolls of amnesia {unknown}
 m - 2 scrolls of teleportation {unknown}
 p - a scroll of magic mapping {unknown}
 r - a scroll of remove curse {unknown}
Potions
 j - a potion of magic {unknown}
 k - a potion of lignification {unknown}
 n - 2 potions of agility {unknown}
 s - a potion of brilliance {unknown}
 u - a potion of curing {unknown}
 v - a potion of mutation {unknown}
Comestibles
 f - 3 rations
 t - 2 chunks of flesh


   Skills:
 + Level 2.9 Fighting
 + Level 5.2 Crossbows
 + Level 0.3 Armour
 + Level 2.0 Dodging
 + Level 1.2 Stealth


You had 3 spell levels left.
You didn't know any spells.
Your spell library was empty.

Dungeon Overview and Level Annotations

Branches:
Dungeon (3/15)

Altars:
Wu Jian

Annotations:
D:3 Grinder


Message History

You writhe in agony.
* * * LOW HITPOINT WARNING * * *
Something hits you.
* * * LOW HITPOINT WARNING * * *
You writhe in agony.
* * * LOW HITPOINT WARNING * * *
You shrug off the repeated paralysis!
You can move again.
Firing (i - inventory)
d - 56 bolts (quivered)
Press: ? - help, Shift-Dir - straight line You shoot a bolt.
Something tries to affect you, but you resist.
Firing (i - inventory)
d - 55 bolts (quivered)
Press: ? - help, Shift-Dir - straight line You shoot a bolt.
Something tries to affect you, but you resist.
Firing (i - inventory)
d - 54 bolts (quivered)
Press: ? - help, Shift-Dir - straight line You shoot a bolt.
Something hits you.
You die...

##### #...###
#.#... ####...#
#.....#
#.(...#####.
#..(@{.)...(
#....((####.
#.......#
##...#..#
#.......###.#
#............
#.......###
##...#..#
#####..########


There were no monsters in sight!

Vanquished Creatures
  2 adders
  An ooze (D:3)
  2 dart slugs
  A leopard gecko (D:3)
  8 bats
  3 giant cockroaches
  6 goblins
  6 hobgoblins
  8 jackals
  3 kobolds
  A quokka (D:2)
  2 ball pythons
  5 frilled lizards
  4 rats
52 creatures vanquished.

Notes
Turn   | Place    | Note
-------+----------+-------------------------------------------
     0 | D:1      | Ishchenko the Human Hunter began the quest for the Orb.
     0 | D:1      | Reached XP level 1. HP: 16/16 MP: 1/1
   160 | D:1      | Reached XP level 2. HP: 22/22 MP: 2/2
   412 | D:1      | Reached XP level 3. HP: 25/27 MP: 3/3
   626 | D:2      | Reached skill level 5 in Crossbows
  1638 | D:3      | Reached XP level 4. HP: 34/34 MP: 4/4
  1839 | D:3      | Found an ornate altar of the Wu Jian Council.
  2055 | D:3      | Noticed Grinder
  2063 | D:3      | Paralysed by something for 5 turns
  2066 | D:3      | HP: 1/34 [something (2)]
  2070 | D:3      | Slain by Grinder

Skill      XL: |  1  2  3 |
---------------+----------+-----
Crossbows      | 5 |  5.2
Fighting       | |  2.9
Armour         | |  0.3
Dodging        | |  2.0
Stealth        | |  1.2

Action                   |  1- 3 |  4- 6 || total
-------------------------+-------+-------++-------
Melee: Hand crossbow     |       |     1 ||     1
 Fire: Hand crossbow     |    71 |    45 ||   116
  Eat: Ration            |     1 |       ||     1
Armor: Ring mail         |     9 |     4 ||    13
Dodge: Dodged            |    14 |    12 ||    26
